 Dungeon Crawl Stone Soup version 0.32-a0-705-g60f233581c (webtiles) character file.

Game seed: 9012904014804278742

1387 mopl the Chopper (level 8, -1/70 HPs)
             Began as a Minotaur Fighter on Mar 14, 2024.
             Was a Priest of Okawaru.
             Slain by a cyclops (13 damage)
             ... on level 5 of the Dungeon.
             The game lasted 00:04:20 (3946 turns).

mopl the Chopper (Minotaur Fighter)                 Turns: 3946, Time: 00:04:21

Health: -1/70      AC: 15    Str: 21    XL:     8   Next: 40%
Magic:  8/9        EV:  5    Int:  5    God:    Okawaru [***...]
Gold:   395        SH:  9    Dex: 15    Spells: 7/7 levels left

rFire   + . .        a - +0 war axe
rCold   . . .        o - +0 kite shield
rNeg    . . .        B - +0 plate armour
rPois   +            (helmet restricted)
rElec   .            (no cloak)
rCorr   .            r - +2 pair of gloves {Dex+3}
SInv    .            (no boots)
Will    .....        (no amulet) Stlth
                     f - ring of protection from fire
HPRegen 0.31/turn    n - ring of poison resistance
MPRegen 0.11/turn

%: no passive effects
@: no status effects
A: horns 2, retaliatory headbutt
a: Renounce Religion, Heroism


You were on level 5 of the Dungeon.
You worshipped Okawaru.
Okawaru was most pleased with you.
You visited 1 branch of the dungeon, and saw 5 of its levels.
You also visited: Ossuary.

You collected 525 gold pieces.
You spent 130 gold pieces at shops.

Inventory:

Hand Weapons
 a - a +0 war axe (weapon)
Missiles
 g - 4 poisoned darts (quivered)
 s - 3 datura-tipped darts
Armour
 c - a +0 buckler
 o - a +0 kite shield (worn)
 r - a +2 pair of gloves of dexterity (worn)
 B - a +0 plate armour (worn)
Jewellery
 f - a ring of protection from fire (left hand)
 n - a ring of poison resistance (right hand)
 t - a +6 ring of dexterity
Wands
 v - a wand of digging (2)
Scrolls
 e - 3 scrolls of teleportation
 m - 6 scrolls of identify
 q - 2 scrolls of vulnerability
 w - a scroll of blinking {unknown}
 x - 5 scrolls of noise
 y - a scroll of brand weapon {unknown}
Potions
 b - a potion of attraction {unknown}
 d - a potion of might
 h - 8 potions of curing {unknown}
 i - 2 potions of enlightenment {unknown}
 j - a potion of degeneration {unknown}
 k - a potion of cancellation {unknown}
 l - 2 potions of ambrosia {unknown}
 p - 2 potions of mutation {unknown}
 u - 3 potions of heal wounds {unknown}
 z - a potion of lignification {unknown}
 A - 2 potions of invisibility {unknown}


   Skills:
 + Level 6.0 Fighting
 * Level 7.0 Axes
 + Level 3.0 Throwing
 + Level 5.9 Armour
 + Level 3.9 Dodging
 - Level 3.6 Shields
 + Level 2.9 Invocations
 + Level 2.2 Evocations


You had 7 spell levels left.
You didn't know any spells.
Your spell library contained the following spells:

 Spells                   Type           Power      Damage    Failure   Level
 Fugue of the Fallen      Necr           0%         N/A       100%        3
 Ozocubu's Armour         Ice            0%         N/A       100%        3
 Sigil of Binding         Hex            0%         N/A       100%        3
 Manifold Assault         Tloc           0%         N/A       100%        4
 Dispersal                Tloc           0%         N/A       100%        6
 Disjunction              Tloc           0%         N/A       100%        8
 Death Channel            Necr           Unusable   N/A       N/A         6
 Sculpt Simulacrum        Ice/Alch       Unusable   N/A       N/A         6

Dungeon Overview and Level Annotations

Branches:
Dungeon (5/15)            Ossuary (visited)
 Temple: D:4-7

Altars:
Dithmenos
Makhleb
Okawaru
Sif Muna
Trog
Yredelemnul
Zin

Shops:
D:4 =   D:5 ?


Innate Abilities, Weirdness & Mutations

You have a pair of horns on your head.
You reflexively headbutt those who attack you in melee.


Message History

The white imp barely misses you. You block the scorpion's attack.
Unknown command.
You hit the white imp but do no damage.
The white imp is severely wounded.
You barely miss the scorpion. The scorpion barely misses you.
The white imp gestures at you.
The puff of frost hits you but does no damage.
Unknown command.
You hit the cyclops but do no damage. You hit the white imp but do no damage.
You hit the scorpion but do no damage. The scorpion barely misses you.
You block the white imp's attack. You block the scorpion's attack.
Unknown command.
You slash the cyclops!
The cyclops is moderately wounded.
You barely miss the white imp. You slash the scorpion!
You kill the scorpion!
Okawaru accepts your kill. The white imp gestures at you.
The puff of frost hits you. The cyclops hits you!
* * * LOW HITPOINT WARNING * * *
Your base Fighting skill increases to level 6!
Your base Axes skill increases to level 7!
Unknown command.
You hit the cyclops but do no damage.
The cyclops is moderately wounded.
You slash the dart slug!
You kill the dart slug!
Okawaru accepts your kill.
You closely miss the white imp.
The white imp hits you but does no damage.
The cyclops hits you!
* * * LOW HITPOINT WARNING * * *
Unknown command.
You hit the cyclops.
You headbutt the cyclops, but do no damage.
The cyclops is moderately wounded.
You closely miss the white imp.
You feel like a meek peon again. You block the white imp's attack.
The cyclops hits you!
You die...

.
...............####
. ...............#
. #...#.........# .
. #...#........# .
...#..!#..†....# .
.#...#.......## .
#...#.........# .
................. .
...#...#@........#
. .
#.C.#5†C...#..## .
#...#$......#..# .
.S#...#.....##.## .
...#...#...## .
..........# . #..
#....## .#. .#..##


You could see a cyclops and a white imp.

Vanquished Creatures
  A water moccasin (D:5)
  2 black bears
  An orc warrior (D:5)
  An ogre (D:5)
  5 scorpions (D:5)
  A bombardier beetle (D:5)
  A quasit (D:4)
  A hound (D:4)
  2 orc priests
  2 iguanas (D:5)
  2 orc wizards
  A scorpion zombie (D:3)
  8 mummies (Ossuary)
  12 adders
  2 shadow imps
  2 white imps
  2 ufetubi
  An adder zombie (D:3)
  4 dart slugs
  A ribbon worm (D:4)
  9 orcs
  7 endoplasms
  A giant cockroach (D:4)
  9 goblins
  5 hobgoblins
  3 jackals (D:2)
  4 quokkas
  5 ball pythons
  A ball python zombie (D:3)
  5 bats
  2 frilled lizards (D:2)
  A gnoll zombie (Ossuary)
  2 hobgoblin zombies (Ossuary)
  4 kobolds
  3 kobold zombies (Ossuary)
  2 orc zombies (Ossuary)
  4 rats
119 creatures vanquished.

Notes
Turn   | Place    | Note
-------+----------+-------------------------------------------
     0 | D:1      | mopl the Minotaur Fighter began the quest for the Orb.
     0 | D:1      | Reached XP level 1. HP: 19/19 MP: 0/0
   291 | D:1      | Reached XP level 2. HP: 27/27 MP: 1/1
   363 | D:1      | Reached skill level 3 in Axes
   395 | D:1      | Reached skill level 1 in Dodging
   883 | D:2      | Reached skill level 4 in Fighting
   883 | D:2      | Reached XP level 3. HP: 30/33 MP: 2/2
   886 | D:2      | Reached skill level 4 in Armour
   960 | D:2      | Found a bloodstained altar of Trog.
   988 | D:2      | Reached XP level 4. HP: 35/40 MP: 3/3
  1386 | D:3      | Found a shimmering blue altar of Sif Muna.
  1441 | D:3      | Reached skill level 4 in Axes
  1566 | D:3      | Found a glowing silver altar of Zin.
  1573 | D:3      | Found a burning altar of Makhleb.
  1573 | D:3      | Found a shadowy altar of Dithmenos.
  1586 | D:3      | Found an iron altar of Okawaru.
  1592 | D:3      | Became a worshipper of Warmaster Okawaru
  1783 | D:3      | Found a basalt altar of Yredelemnul.
  1795 | D:3      | Reached skill level 2 in Dodging
  1795 | D:3      | Reached XP level 5. HP: 34/47 MP: 4/4
  2376 | D:4      | Reached skill level 1 in Throwing
  2376 | D:4      | Reached skill level 1 in Invocations
  2380 | D:4      | Reached XP level 6. HP: 32/53 MP: 5/5
  2447 | D:4      | Reached skill level 5 in Axes
  2462 | D:4      | Reached * piety under Okawaru
  2847 | D:4      | Reached skill level 5 in Fighting
  2875 | D:4      | Found Zycasiah's Jewellery Emporium.
  3125 | D:5      | Entered Level 5 of the Dungeon
  3125 | D:5      | Found Inliroe's Magic Scroll Emporium.
  3132 | D:5      | Reached skill level 5 in Armour
  3132 | D:5      | Reached XP level 7. HP: 28/61 MP: 7/7
  3141 | D:5      | Bought a scroll of noise for 13 gold pieces
  3141 | D:5      | Bought a scroll of identify for 26 gold pieces
  3141 | D:5      | Bought a scroll of teleportation for 39 gold pieces
  3141 | D:5      | Bought a scroll of vulnerability for 52 gold pieces
  3165 | D:5      | Found a sand-covered staircase.
  3175 | Ossuary  | Entered an ossuary
  3209 | Ossuary  | Reached skill level 3 in Dodging
  3209 | Ossuary  | Reached skill level 1 in Evocations
  3216 | Ossuary  | Reached skill level 2 in Throwing
  3287 | Ossuary  | Reached ** piety under Okawaru
  3294 | Ossuary  | Reached skill level 2 in Invocations
  3510 | D:5      | Reached skill level 6 in Axes
  3844 | D:5      | Reached XP level 8. HP: 47/69 MP: 8/8
  3924 | D:5      | Reached *** piety under Okawaru
  3925 | D:5      | Reached skill level 2 in Evocations
  3927 | D:5      | Noticed a cyclops
  3941 | D:5      | Reached skill level 3 in Throwing
  3945 | D:5      | Reached skill level 6 in Fighting
  3945 | D:5      | Reached skill level 7 in Axes
  3946 | D:5      | Slain by a cyclops

Illustrated notes

Levels and vault maps discovered:
D:1:      dpeg_arrival_circle_labyrinth_c, layout_loops_ring
D:2:      layout_rooms, serial_aquarium, aquarium_bridge_long_joined
          [aquarium_subvault_balcony, aquarium_subvault_bridge,
          aquarium_subvault_bridge, aquarium_subvault_bridge,
          aquarium_subvault_bridge, aquarium_subvault_wall],
          aquarium_window_fake, aquarium_window_1, aquarium_view_2c,
          aquarium_balcony_5b, basic_altar
D:3:      layout_basic, nicolae_yredelemnul_corpse_copse,
          chequers_temple_overflow_statue_of_worship,
          mainiacjoe_overflow_24_doors
D:4:      layout_loops_corners, serial_shops, nicolae_shop_gaudy_bauble,
          serial_demonic, serial_demonic_f, serial_demonic_e, serial_demonic_e,
          serial_demonic_c
D:5:      cheibrodos_fzero, layout_layer_cave, enter_ossuary_5, serial_shops,
          shop_scrolls, minmay_fractal_squares_diagonal_5

Skill      XL: |  1  2  3  4  5  6  7  8 |
---------------+-------------------------+-----
Axes           | 3 4 5 6 7 |  7.0
Dodging        | 1 2 3 |  3.9
Fighting       | 4 5 6 |  6.0
Armour         | 4 5 |  5.9
Throwing       | 1 2 3 |  3.0
Invocations    | 1 2 |  2.9
Evocations     | 1 2 |  2.2
Shields        | |  3.6

Action                     |  1- 3 |  4- 6 |  7- 9 || total
---------------------------+-------+-------+-------++-------
  Melee: War axe           |    60 |   105 |    93 ||   258
         Headbutt          |     7 |    17 |    16 ||    40
 Invoke: Heroism           |       |       |     1 ||     1
 Armour: Scale mail        |    65 |    80 |    41 ||   186
         Plate armour      |       |       |    38 ||    38
  Dodge: Dodged            |    38 |    37 |    42 ||   117
  Block: Buckler           |    18 |     3 |       ||    21
         Kite shield       |       |    48 |    64 ||   112

Table legend: (Time is in decaauts)
 A = Elapsed time spent in this place.
 B = Non-inter-level travel time spent in this place.
 C = Inter-level travel time spent in this place.
 D = Time resting spent in this place.
 E = Time spent auto-exploring this place.
 F = Levels seen in this place.
 G = Mean time per level.
                   A        B        C        D        E       F      G
               +--------+--------+--------+--------+--------+-----+--------+
         Total |   4034 |   3877 |    157 |    163 |   2974 |   6 |  672.3 |
       Dungeon |   3768 |   3611 |    157 |     88 |   2877 |   5 |  753.6 |
       Ossuary |    265 |    265 |      0 |     75 |     97 |   1 |  265.0 |
               +--------+--------+--------+--------+--------+-----+--------+

Top non-repeatable levels by time:
     D:3: 960 daAuts
     D:1: 889 daAuts
     D:4: 839 daAuts
     D:5: 582 daAuts
     D:2: 496 daAuts
 Ossuary: 265 daAuts
